 Dungeon Crawl Stone Soup version 0.32-a0-407-g4da7c8d (webtiles) character file.

Game seed: 8162549471215883051

827 jagoly the Cruncher (level 7, -3/43 HPs)
             Began as a Gargoyle Wanderer on Feb 20, 2024.
             Was an Initiate of Okawaru.
             Slain by Joseph
             ... wielding a +0 quarterstaff
              (10 damage)
             ... on level 7 of the Dungeon.
             The game lasted 00:12:16 (2667 turns).

jagoly the Cruncher (Gargoyle Wanderer)             Turns: 2667, Time: 00:12:17

Health: -3/43      AC: 20    Str: 18    XL:     7   Next: 97%
Magic:  10/10      EV:  7    Int: 14    God:    Okawaru [......]
Gold:   210        SH:  0    Dex:  7    Spells: 9/10 levels left

rFire   . . .        a - +3 quarterstaff
rCold   . . .        (shield currently unavailable)
rNeg    + . .        p - +0 chain mail
rPois   ∞            g - +0 helmet
rElec   +            (no cloak)
rCorr   .            f - +0 pair of gloves
SInv    .            (no boots)
Will    .....        (no amulet) Stlth
                     s - +4 ring of protection
HPRegen 0.27/turn    (no ring)
MPRegen 0.12/turn

%: no passive effects
@: no status effects
A: sickness immunity, AC +4, negative energy resistance 1, electricity
resistance, torment resistance 1, petrification resistance
a: Renounce Religion


You were on level 7 of the Dungeon.
You worshipped Okawaru.
Okawaru was noncommittal.
You visited 2 branches of the dungeon, and saw 6 of its levels.

You collected 210 gold pieces.

Inventory:

Hand Weapons
 a - a +3 quarterstaff (weapon)
 w - a +0 orcbow
Missiles
 d - 52 stones
 v - 14 poisoned darts
 y - 2 throwing nets
Armour
 f - a +0 pair of gloves (worn)
 g - a +0 helmet (worn)
 p - a +0 chain mail (worn)
Jewellery
 s - a +4 ring of protection (left hand)
Scrolls
 b - a scroll of vulnerability
 c - a scroll of enchant armour {unknown}
 h - a scroll of teleportation {unknown}
 j - a scroll of poison {unknown}
 l - a scroll of enchant weapon {unknown}
 n - 3 scrolls of identify
 o - a scroll of brand weapon {unknown}
 q - a scroll of fear {unknown}
 r - a scroll of immolation {unknown}
 x - a scroll of torment {unknown}
Potions
 e - 2 potions of curing
 i - a potion of ambrosia {unknown}
 k - 2 potions of heal wounds
 m - a potion of magic {unknown}
 t - a potion of haste {unknown}


   Skills:
 - Level 4.0 Fighting
 + Level 8.2 Staves
 - Level 4.0 Armour
 - Level 2.0 Spellcasting
 - Level 1.1 Conjurations
 - Level 1.0 Invocations


You had 9 spell levels left.
You knew the following spells:

 Your Spells              Type           Power      Damage    Failure   Level
a - Kiss of Death         Conj/Necr      8%         2d6       86%         1

Your spell library contained the following spells:

 Spells                   Type           Power      Damage    Failure   Level
 Sting                    Conj/Alch      8%         1d3       86%         1
 Apportation              Tloc           2%         N/A       91%         1
 Necrotise                Necr           4%         1d4       91%         1
 Momentum Strike          Conj/Tloc      4%         3d8       95%         2
 Blink                    Tloc           2%         N/A       97%         2
 Lesser Beckoning         Tloc           2%         N/A       97%         2
 Mephitic Cloud           Conj/Alch/Air  2%         N/A       99%         3
 Summon Small Mammal      Summ           Unusable   N/A       N/A         1

Dungeon Overview and Level Annotations

Branches:
Dungeon (7/15) Zot: 26823  Temple (1/1) D:7 Zot: 5948

Altars:
Ashenzari
Dithmenos
Fedhas
Hepliaklqana
Kikubaaqudgha
Makhleb
Nemelex Xobeh
Okawaru
Qazlal
Ru
Sif Muna
Uskayaw
Vehumet
Wu Jian
Xom
Zin

Annotations:
D:7 Joseph


Innate Abilities, Weirdness & Mutations

You are immune to sickness and miasma.
Your stone body is resilient. (AC +4)
You are immune to poison.
You resist negative energy. (rN+)
You are resistant to electric shocks. (rElec)
You are resistant to unholy torment.
You are immune to petrification.


Message History

Terence shouts!
You thump the adder!
You kill the adder!
The adder closely misses you.
You have reached level 7!
You completely miss the adder. The adder bites you but does no damage.
You barely miss the adder. The adder bites you but does no damage.
The adder bites you.
You hit the adder.
The adder is moderately wounded.
The adder barely misses you.
You hit the adder.
The adder is heavily wounded.
The adder closely misses you. The adder attacks as it pursues you!
The adder bites you but does no damage.
You miss the adder.
The adder is heavily wounded.
The adder bites you but does no damage. The adder barely misses you.
The adder bites you.
You completely miss Terence. Terence hits you but does no damage.
You sock Terence!
Terence is moderately wounded.
Terence hits you with a +0 mace.
You hit Terence.
Terence is heavily wounded.
Terence barely misses you.
You hit Terence.
Terence is heavily wounded.
Terence hits you but does no damage.
You hit Terence.
Terence is severely wounded.
Terence hits you with a +0 mace.
You sock Terence!
You kill Terence!
You sock the adder!
You kill the adder!
No target in view!
No target in view!
You now have 144 gold pieces (gained 16).
Items here: ) [ ††.
Okay, then.
HP restored.
r - a scroll labelled QOCEUG ARY You pick up a book of Cantrips and begin reading...
You add the spells Sting, Necrotise, Summon Small Mammal and Apportation to your library.
Found a stone staircase leading down.
You now have 161 gold pieces (gained 17).
You now have 167 gold pieces (gained 6).
There is an open door here.
e - 2 white potions (gained 1)
Found a leather armour.
You see here a +0 leather armour.
You see here a +0 leather armour.
n - 2 scrolls labelled JURAWN WYOCIZY (gained 1)
s - a +4 ring of protection
s - a +4 ring of protection (left hand)
There is a stone staircase leading down here.
There is a stone staircase leading down here.
There is an open door here.
There is a broken door, spattered with blood here.
Things that are here:
a +0 short sword; a jackal skeleton; a jackal skeleton You see here a +0 ring mail.
You see here a +0 ring mail.
Items here: ) [ ††.
You now have 183 gold pieces (gained 16).
A bat comes into view.
A bat is nearby!
Found a clear potion.
The bat barely misses you.
You hit the bat.
The bat is severely wounded.
The bat hits you but does no damage. x2
The bat completely misses you.
You thump the bat!
You kill the bat!
No target in view!
No target in view!
t - a clear potion You open the door.
There is an open door here.
You open the door.
There is an open door here.
An adder comes into view.
The adder hisses angrily.
You hit the adder.
The adder is lightly wounded.
The adder bites you but does no damage. x2
You sock the adder!
You kill the adder!
No target in view!
There is a stone staircase leading down here.
There is an open door here.
You see here a +0 rapier.
Found a stone staircase leading up.
There is a stone staircase leading up here.
You see here a +0 rapier.
Done exploring.
Done exploring.
There is a stone staircase leading down here.
You climb downwards.
The kobold shouts!
Found a leather armour, 4 stones and a tapered iron wand.
There is a stone staircase leading up here.
An endoplasm comes into view.
The kobold closely misses you.
You closely miss the kobold. The kobold hits you but does no damage.
You hit the kobold but do no damage. The kobold hits you but does no damage.
You sock the kobold!
You kill the kobold!
You hit the sleepcap.
The sleepcap is lightly damaged.
The sleepcap releases spores at you but does no damage.
A hobgoblin comes into view.
The hobgoblin shouts!
You hit the sleepcap.
The sleepcap is moderately damaged.
The sleepcap barely misses you.
You thump the sleepcap!
The sleepcap is severely damaged.
The sleepcap releases spores at you but does no damage.
You thump the sleepcap!
The sleepcap is almost destroyed.
The sleepcap barely misses you.
You hit the sleepcap but do no damage.
The sleepcap is almost destroyed.
The sleepcap releases spores at you but does no damage.
You sock the sleepcap!
You destroy the sleepcap!
The endoplasm jiggles.
You sock the endoplasm!
You kill the endoplasm!
The hobgoblin hits you but does no damage.
Things that are here:
a +0 club; 8 poisoned darts You hit the hobgoblin.
The hobgoblin is lightly wounded.
The hobgoblin hits you but does no damage.
You sock the hobgoblin!
You kill the hobgoblin!
No target in view!
d - 41 stones (gained 4)
u - a wand of quicksilver (3)
A kobold and a centaur come into view.
The kobold shouts!
The centaur shouts!
The centaur wields a +0 orcbow.
The centaur shoots an arrow.
The arrow hits you but does no damage.
The centaur shoots an arrow.
The arrow hits you!
The centaur shoots an arrow.
The arrow hits you.
The centaur shoots an arrow.
The arrow hits you but does no damage.
The centaur shoots an arrow.
The arrow hits you but does no damage.
There is a stone staircase leading up here.
The centaur shoots an arrow.
The arrow hits you but does no damage.
You climb upwards.
There is a stone staircase leading down here.
You start resting.
HP restored.
You start resting.
HP restored.
You climb downwards.
The centaur shoots an arrow.
The arrow completely misses you.
The centaur shoots an arrow.
The arrow hits you but does no damage.
There is a stone staircase leading up here.
The centaur shoots an arrow.
The arrow hits you!
The centaur shoots an arrow.
The arrow hits you but does no damage.
Things that are here:
8 poisoned darts; a +0 club You start resting.
A centaur is nearby!
The centaur shoots an arrow.
The arrow hits you.
The centaur unwields a +0 orcbow.
The centaur hits you but does no damage.
The centaur kicks you but does no damage.
The centaur hits you but does no damage.
The centaur barely misses you.
Things that are here:
8 poisoned darts; a +0 club You sock the centaur!
The centaur is severely wounded.
The centaur hits you but does no damage.
The centaur kicks you but does no damage.
You hit the centaur.
The centaur is almost dead.
The centaur hits you but does no damage.
The centaur completely misses you. The centaur barely misses you. x2
You closely miss the centaur.
The centaur is almost dead.
The centaur hits you. The centaur barely misses you.
You barely miss the centaur.
The centaur is almost dead.
The centaur hits you but does no damage.
The centaur barely misses you.
The centaur hits you but does no damage.
The centaur closely misses you.
You barely miss the centaur.
The centaur is almost dead.
The centaur closely misses you. The centaur misses you.
You closely miss the centaur.
The centaur is almost dead.
The centaur closely misses you.
The centaur kicks you but does no damage.
You closely miss the centaur.
The centaur is almost dead.
The centaur hits you but does no damage.
The centaur kicks you but does no damage.
The centaur hits you but does no damage.
The centaur kicks you but does no damage.
You hit the centaur.
You kill the centaur!
Your Staves skill increases to level 7!
No target in view!
v - 8 poisoned darts The kobold throws a stone.
The stone barely misses you.
You see here a +0 orcbow.
w - a +0 orcbow A kobold is nearby!
There is a stone staircase leading up here.
HP restored.
The kobold throws a stone.
The stone completely misses you.
Found 12 gold pieces.
Found a throwing net.
You see here 15 gold pieces.
You now have 198 gold pieces (gained 15).
The kobold throws a stone.
The stone hits you but does no damage.
You enter the shallow water.
Moving in this stuff is going to be slow.
The kobold throws a stone.
The stone hits you but does no damage.
The kobold throws a stone.
The stone barely misses you.
A steam dragon comes into view.
Found 8 stones.
The steam dragon breathes steam at you. The ball of steam hits you.
The kobold throws a stone.
The stone hits you but does no damage.
The kobold hits you but does no damage. x2
The kobold attacks as it pursues you! The kobold hits you but does no damage.
You closely miss the kobold. The kobold hits you but does no damage.
You barely miss the kobold. The kobold barely misses you.
You thump the kobold!
You kill the kobold!
You completely miss the steam dragon.
The steam dragon bites you but does no damage.
The steam dragon claws you but does no damage.
You sock the steam dragon!
The steam dragon is moderately wounded.
The endoplasm freezes you.
You are frozen.
The steam dragon bites you but does no damage.
The steam dragon claws you but does no damage.
You closely miss the steam dragon.
The steam dragon is moderately wounded.
The steam dragon barely misses you.
The steam dragon claws you but does no damage.
The endoplasm freezes you.
You are frozen.
You sock the steam dragon!
The steam dragon is severely wounded.
You thump the steam dragon!
The steam dragon is almost dead.
The steam dragon barely misses you.
The steam dragon claws you but does no damage.
The endoplasm hits you but does no damage.
You hit the steam dragon.
You kill the steam dragon!
The endoplasm freezes you.
You are frozen.
You hit the endoplasm.
The endoplasm is almost dead.
The endoplasm freezes you.
You are frozen.
You sock the endoplasm!
You kill the endoplasm!
No target in view!
You now have 210 gold pieces (gained 12).
d - 44 stones (gained 3)
You see here a +0 dagger.
n - 3 scrolls labelled JURAWN WYOCIZY (gained 1)
Found a stone staircase leading down.
d - 52 stones (gained 8)
x - a scroll labelled SYIVYE FUPPU You see here a +0 dagger.
You enter the shallow water.
Moving in this stuff is going to be slow.
y - a throwing net
v - 14 poisoned darts (gained 6) Unknown command.
Okay, then.
A goblin comes into view. It is wielding a +0 club.
Found a stone staircase leading up.
The goblin shouts!
A goblin is nearby!
You hit the goblin.
The goblin is severely wounded.
The goblin hits you but does no damage.
You hit the goblin.
You kill the goblin!
No target in view!
Key pressed, stopping explore.
No target in view!
Found a leather armour.
n - 4 scrolls labelled JURAWN WYOCIZY (gained 1)
An endoplasm comes into view.
The endoplasm quivers.
The endoplasm barely misses you.
You hit the endoplasm.
The endoplasm is heavily wounded.
The endoplasm freezes you.
You are frozen.
You hit the endoplasm.
You kill the endoplasm!
No target in view!
No target in view!
As you read the scroll labelled JURAWN WYOCIZY, it crumbles to dust.
It is a scroll of identify.
e - 2 potions of curing
As you read the scroll of identify, it crumbles to dust.
k - 2 potions of heal wounds
Found a stone staircase leading down.
There is a stone staircase leading down here.
n - 3 scrolls of identify (gained 1)
A goblin comes into view. It is wielding a +0 dagger.
The goblin shouts!
The goblin barely misses you.
You sock the goblin!
You kill the goblin!
No target in view!
No target in view!
No target in view!
Okay, then.
Things that are here:
a +0 dagger; a goblin corpse The endoplasm quivers.
You see here a +0 leather armour.
An endoplasm is nearby!
No reachable target in view!
You enter the shallow water.
Moving in this stuff is going to be slow.
You enter the shallow water.
Moving in this stuff is going to be slow.
You completely miss the endoplasm.
The endoplasm splashes around in the water.
The endoplasm hits you but does no damage.
You sock the endoplasm!
You kill the endoplasm!
No target in view!
A malevolent force fills the Dungeon...
You fall into a shaft and drop 3 floors!
The shaft crumbles and collapses.
Found a staircase to the Ecumenical Temple.
There is a staircase to the Ecumenical Temple here.
You climb downwards.
Welcome to the Ecumenical Temple!
Found a staircase back to the Dungeon.
There is a staircase back to the Dungeon here.
Search for what [? for help]? .
As you open the door, it creaks loudly!
Found an iron altar of Okawaru.
There is an open door here.
There is an iron altar of Okawaru here.
You kneel at the altar of Okawaru.
Okawaru welcomes you!
There is an open door here.
There is a staircase back to the Dungeon here.
You climb upwards.
Welcome back to the Dungeon!
There is a staircase to the Ecumenical Temple here. 3 gnolls and a bullfrog come into view.
A gnoll is wielding a +0 flail and quivering a throwing net.
The gnoll shouts! x2; The bullfrog croaks.
The bullfrog attacks as it pursues you! The bullfrog hits you.
The bullfrog hits you but does no damage.
You hit the bullfrog.
The bullfrog is moderately wounded.
The bullfrog hits you.
You completely miss the bullfrog.
The bullfrog is moderately wounded.
The bullfrog hits you.
The bullfrog hits you but does no damage.
The bullfrog hits you but does no damage.
The bullfrog barely misses you.
Okay, then.
Aiming: Quicksilver Bolt
Press: ? - help, Shift-Dir - straight line, f - bullfrog
Aim: a bullfrog (moderately wounded, 64% to hit)
Okay, then.
The bullfrog attacks as it pursues you!
The bullfrog hits you but does no damage.
Unknown command.
Aiming: Quicksilver Bolt
Press: ? - help, Shift-Dir - straight line, f - gnoll
Aim: a gnoll, wielding a +0 flail and quivering a throwing net (75% to hit)
The bolt of dispelling energy hits the bullfrog!
The bullfrog is severely wounded.
The bolt of dispelling energy hits the gnoll!
You kill the gnoll!
Okawaru accepts your kill.
The bolt of dispelling energy hits the gnoll!!
You kill the gnoll!
Okawaru accepts your kill. The bullfrog hits you.
The bullfrog barely misses you.
You barely miss the bullfrog.
The bullfrog is severely wounded.
The bullfrog hits you.
You sock the bullfrog!
You kill the bullfrog!
Okawaru accepts your kill.
Your Staves skill increases to level 8!
You hit the gnoll.
The gnoll is moderately wounded.
You sock the gnoll!
You kill the gnoll!
Okawaru accepts your kill.
You start resting.
HP restored.
Things that are here:
a +0 whip; a gnoll corpse; a bullfrog corpse You see here a +0 club.
y - 2 throwing nets (gained 1)
You see here a +0 flail.
Key pressed, stopping explore.
Unknown command.
Joseph, a Mercenary comes into view.
He is wielding a +0 quarterstaff.
Joseph shouts!
Joseph unwields a +0 quarterstaff.
Joseph wields a +0 sling.
Joseph shoots a sling bullet.
The sling bullet hits you.
Press: ? - help, v - describe, . - travel
Here: Joseph, wielding a +0 sling and wearing a +0 leather armour The floor.
Okay, then.
Unknown command.
Unknown command.
Unknown command.
Unknown command.
Unknown command.
Unknown command.
Joseph shoots a sling bullet.
The sling bullet hits you.
Unknown command.
Unknown command.
Unknown command.
Unknown command.
You start resting.
Joseph is nearby!
Aiming: Quicksilver Bolt
Press: ? - help, Shift-Dir - straight line, f - Joseph
Aim: Joseph, wielding a +0 sling and wearing a +0 leather armour (71% to hit)
The bolt of dispelling energy hits Joseph!
Joseph is moderately wounded.
Joseph unwields a +0 sling.
Joseph wields a +0 quarterstaff.
Joseph hits you with a +0 quarterstaff.
Unknown command.
Hit: a) +3 quarterstaff
Press: ? - help, Dir - move target, f/p - Joseph
Aim: Joseph, wielding a +0 quarterstaff and wearing a +0 leather armour (moderately wounded, about 35% to evade your +3 quarterstaff)
You barely miss Joseph.
Joseph is moderately wounded.
Joseph barely misses you.
Hit: a) +3 quarterstaff
Press: ? - help, Dir - move target, f/p - Joseph
Aim: Joseph, wielding a +0 quarterstaff and wearing a +0 leather armour (moderately wounded, about 35% to evade your +3 quarterstaff)
You hit Joseph.
Joseph is moderately wounded.
Joseph hits you with a +0 quarterstaff.
Hit: a) +3 quarterstaff
Press: ? - help, Dir - move target, f/p - Joseph
Aim: Joseph, wielding a +0 quarterstaff and wearing a +0 leather armour (moderately wounded, about 35% to evade your +3 quarterstaff)
You sock Joseph!
Joseph is heavily wounded.
Joseph hits you with a +0 quarterstaff!
* * * LOW HITPOINT WARNING * * *
Aiming: Quicksilver Bolt
Press: ? - help, Shift-Dir - straight line, f/p - Joseph
Aim: Joseph, wielding a +0 quarterstaff and wearing a +0 leather armour (heavily wounded, 71% to hit)
The bolt of dispelling energy hits Joseph!
Joseph is severely wounded.
The now-empty wand crumbles to dust.
Joseph closely misses you.
Unknown command.
Hit: a) +3 quarterstaff
Press: ? - help, Dir - move target, f/p - Joseph
Aim: Joseph, wielding a +0 quarterstaff and wearing a +0 leather armour (severely wounded, about 35% to evade your +3 quarterstaff)
You hit Joseph.
Joseph is severely wounded.
Joseph hits you with a +0 quarterstaff!
* * * LOW HITPOINT WARNING * * *
Unknown command.
Hit: a) +3 quarterstaff
Press: ? - help, Dir - move target, f/p - Joseph
Aim: Joseph, wielding a +0 quarterstaff and wearing a +0 leather armour (severely wounded, about 35% to evade your +3 quarterstaff)
You closely miss Joseph.
Joseph is severely wounded.
Joseph hits you but does no damage.
Unknown command.
Hit: a) +3 quarterstaff
Press: ? - help, Dir - move target, f/p - Joseph
Aim: Joseph, wielding a +0 quarterstaff and wearing a +0 leather armour (severely wounded, about 35% to evade your +3 quarterstaff)
You closely miss Joseph.
Joseph is severely wounded.
Unknown command.
Hit: a) +3 quarterstaff
Press: ? - help, Dir - move target, f/p - Joseph
Aim: Joseph, wielding a +0 quarterstaff and wearing a +0 leather armour (severely wounded, about 35% to evade your +3 quarterstaff)
You sock Joseph!
Joseph is almost dead.
Joseph hits you with a +0 quarterstaff!
You die...

####..#..###..#..#
.....#..#...#..#.#
...#.#.#.###)#.#...
#####.#.#...#)#.####
#.#.#.>.#)#.#
##.#.#...#.#.###
#.#.#.###.#.#..##
##.#..#...#..#.@.#
#...#..###..#.@#.##
#....##...##...#..#
###....###....###....#
#...## #....# ###..#
##...###...## @.#
##...##....## .#
###....##..## @.
#...####..## .# #####
##..## #.


You could see Joseph.

Vanquished Creatures
  Grinder (D:3)
  A steam dragon (D:4)
  A centaur (D:4)
  A phantom (D:3)
  A bullfrog (D:7)
  Terence (D:3)
  A sleepcap (D:4)
  3 gnolls (D:7)
  5 adders
  A white imp (D:3)
  A dart slug (D:1)
  A ribbon worm (D:2)
  4 orcs (D:3)
  6 ball pythons
  5 bats
  6 endoplasms
  3 giant cockroaches
  6 goblins
  6 hobgoblins
  14 jackals
  6 kobolds
  4 quokkas
  4 frilled lizards
  14 rats
96 creatures vanquished.

Notes
Turn   | Place    | Note
-------+----------+-------------------------------------------
     0 | D:1      | jagoly the Gargoyle Wanderer began the quest for the Orb.
     0 | D:1      | jagoly set off with the following items: a +3 quarterstaff,
                  | a scroll of vulnerability, a +0 leather armour; and the
                  | following spell memorised: Kiss of Death; and the following
                  | spells available to memorise: Mephitic Cloud.
     0 | D:1      | Reached XP level 1. HP: 12/12 MP: 3/3
    87 | D:1      | Reached XP level 2. HP: 17/17 MP: 5/5
   104 | D:1      | Reached XP level 3. HP: 20/21 MP: 6/6
   136 | D:1      | Reached skill level 5 in Staves
   354 | D:1      | Reached XP level 4. HP: 24/26 MP: 7/7
   727 | D:2      | Reached skill level 6 in Staves
   841 | D:2      | Reached skill level 1 in Armour
   957 | D:2      | Reached XP level 5. HP: 23/30 MP: 8/8
  1361 | D:3      | Noticed Grinder
  1373 | D:3      | Noticed a phantom
  1387 | D:3      | Killed a phantom
  1388 | D:3      | Reached XP level 6. HP: 34/37 MP: 9/9
  1404 | D:3      | Killed Grinder
  1464 | D:3      | Noticed Terence
  1517 | D:3      | Found a shimmering blue altar of Sif Muna.
  1530 | D:3      | Reached XP level 7. HP: 43/43 MP: 10/10
  1546 | D:3      | Killed Terence
  2108 | D:4      | Reached skill level 7 in Staves
  2161 | D:4      | Noticed a steam dragon
  2173 | D:4      | Killed a steam dragon
  2438 | D:4      | You fall into a shaft and drop 3 floors!
  2439 | D:7      | Found a staircase to the Ecumenical Temple.
  2445 | Temple   | Entered the Ecumenical Temple
  2471 | Temple   | Became a worshipper of Warmaster Okawaru
  2514 | D:7      | Reached skill level 8 in Staves
  2650 | D:7      | Noticed Joseph
  2667 | D:7      | Slain by Joseph

Illustrated notes

Levels and vault maps discovered:
D:1:      psy_arrival_spokes, layout_rooms
D:2:      layout_rooms
D:3:      layout_basic, mainiacjoe_overflow_catwalk, uniq_grinder, uniq_terence
D:4:      layout_loops_ring, kennysheep_mini, chequers_big_river
D:7:      layout_layer_cave, minmay_temple_entry_steel_oval,
          small_statue_intersection, minmay_quadrilaterals, uniq_joseph
Temple:   bh_familiar_temple

Skill      XL: |  1  2  3  4  5  6  7 |
---------------+----------------------+-----
Staves         | 5 6 8 |  8.2
Armour         | 1 3 4 |  4.0
Fighting       | 3 4 |  4.0
Spellcasting   | |  2.0
Conjurations   | |  1.1
Invocations    | |  1.0

Action                     |  1- 3 |  4- 6 |  7- 9 || total
---------------------------+-------+-------+-------++-------
  Melee: Quarterstaff      |    53 |   108 |    67 ||   228
  Evoke: Wand              |       |       |     3 ||     3
    Use: Scroll            |       |       |     2 ||     2
 Armour: Leather armour    |     5 |       |       ||     5
         Plate armour      |    21 |    36 |       ||    57
         Chain mail        |       |    51 |    79 ||   130
  Dodge: Dodged            |    18 |    22 |    32 ||    72

Table legend: (Time is in decaauts)
 A = Elapsed time spent in this place.
 B = Non-inter-level travel time spent in this place.
 C = Inter-level travel time spent in this place.
 D = Time resting spent in this place.
 E = Time spent auto-exploring this place.
 F = Levels seen in this place.
 G = Mean time per level.
                   A        B        C        D        E       F      G
               +--------+--------+--------+--------+--------+-----+--------+
         Total |   2674 |   2595 |     79 |    113 |   1760 |   6 |  445.7 |
       Dungeon |   2622 |   2588 |     34 |    113 |   1760 |   5 |  524.4 |
        Temple |     51 |      6 |     45 |      0 |      0 |   1 |   51.0 |
               +--------+--------+--------+--------+--------+-----+--------+

Top non-repeatable levels by time:
     D:3: 1006 daAuts
     D:1: 549 daAuts
     D:2: 498 daAuts
     D:4: 392 daAuts
     D:7: 176 daAuts
  Temple: 51 daAuts
